TOP OF THE 1ST |
Creighton Blue Jays batting - Pitching for Mississippi State Bulldogs : RHP Tom Speck
|
Pitching: RHP Tom Speck
|
|
Batting: RHB Carlos Gómez
|
0-0: Ball 1-0: Ball 2-0: Ball 3-0: Called Strike 3-1: Foul Ball, location: 2F 3-2: Base on Balls
|
Batting: RHB Ryan Barnes
|
0-0: Called Strike 0-1: Ball Carlos Gómez is caught stealing 2nd base 1-1: Ball 2-1: Ball 3-1: Swinging Strike 3-2: Foul Ball, location: 2F 3-2: Base on Balls
|
Batting: SHB Brian Estes
|
0-0: Ball 1-0: Ball 2-0: Ball 3-0: Foul Ball, location: 2F 3-1: Base on Balls Ryan Barnes to second
|
Batting: RHB Geoff Rainey
|
0-0: Ball 1-0: Foul Ball, location: 2F 1-1: Ball 2-1: Ball 3-1: Foul Ball, location: 2F 3-2: Base on Balls Ryan Barnes to third Brian Estes to second
|
Batting: LHB Ismael Báez
|
0-0: Ball 1-0: Ball 2-0: Ball 3-0: Called Strike 3-1: DOUBLE (Line Drive, 7LM) Ryan Barnes scores Brian Estes scores Geoff Rainey to third
|
Batting: LHB Bernard Lane
|
0-0: Ball 1-0: Ball 2-0: Called Strike 2-1: Swinging Strike 2-2: Foul Ball, location: 2F 2-2: Ball 3-2: Strikes out looking
|
Batting: RHB Enrico De Jesús
|
0-0: Called Strike 0-1: Ball 1-1: Ball 2-1: Swinging Strike 2-2: Strikes out looking
|
Top of the 1st over - 2 runs, 1 hit, 0 errors, 2 left on base; Creighton 2 - Mississippi State 0 |
BOTTOM OF THE 1ST |
Mississippi State Bulldogs batting - Pitching for Creighton Blue Jays : RHP Gunnar Jenkins
|
Pitching: RHP Gunnar Jenkins
|
|
Batting: SHB Matthew Hughes
|
0-0: Ball 1-0: Called Strike 1-1: Called Strike 1-2: Ball 2-2: Foul Ball, location: 2F 2-2: Ball 3-2: Base on Balls
|
Batting: RHB Cory Douglas
|
0-0: Ball 1-0: Swinging Strike 1-1: Ball 2-1: Grounds into double play, 5-4-3 (Groundball, 56)
|
Batting: SHB Tom Stewart
|
0-0: Ball 1-0: Called Strike 1-1: Fly out, F7 (Flyball, 78D)
|
Bottom of the 1st over - 0 runs, 0 hits, 0 errors, 0 left on base; Creighton 2 - Mississippi State 0 |
TOP OF THE 2ND |
Creighton Blue Jays batting - Pitching for Mississippi State Bulldogs : RHP Tom Speck
|
Batting: RHB Jon Cartwright
|
0-0: Foul Ball, location: 2F 0-1: Swinging Strike 0-2: Strikes out looking
|
Batting: LHB Mike Collier
|
0-0: Called Strike 0-1: Called Strike 0-2: Ball 1-2: Ground out 5-3 (Groundball, 5)
|
Batting: RHB Carlos Gómez
|
0-0: Ball 1-0: Swinging Strike 1-1: Called Strike 1-2: Ball 2-2: Fly out, F4 (Flyball, 34D)
|
Top of the 2nd over - 0 runs, 0 hits, 0 errors, 0 left on base; Creighton 2 - Mississippi State 0 |
BOTTOM OF THE 2ND |
Mississippi State Bulldogs batting - Pitching for Creighton Blue Jays : RHP Gunnar Jenkins
|
Batting: SHB Jessie Teague
|
0-0: Ball 1-0: Ball 2-0: Ball 3-0: Called Strike 3-1: Base on Balls
|
Batting: RHB Jason Heddon
|
0-0: Called Strike 0-1: Swinging Strike 0-2: Strikes out swinging
|
Batting: LHB Juan Branch
|
0-0: Fielders Choice at 2nd, 4-6 (Groundball, 34)
|
Batting: RHB Andrew Barker
|
0-0: Fly out, F8 (Flyball, 78D)
|
Bottom of the 2nd over - 0 runs, 0 hits, 0 errors, 1 left on base; Creighton 2 - Mississippi State 0 |
TOP OF THE 3RD |
Creighton Blue Jays batting - Pitching for Mississippi State Bulldogs : RHP Tom Speck
|
Batting: RHB Ryan Barnes
|
0-0: Foul Ball, location: 2F 0-1: Called Strike 0-2: Ball 1-2: Strikes out swinging
|
Batting: SHB Brian Estes
|
0-0: Foul Ball, location: 2F 0-1: Ball 1-1: Ball 2-1: Swinging Strike 2-2: Ground out 4-3 (Groundball, 4)
|
Batting: RHB Geoff Rainey
|
0-0: Swinging Strike 0-1: Ball 1-1: Foul Ball, location: 2F 1-2: Foul Ball, location: 2F 1-2: SINGLE (Groundball, 56) (infield hit)
|
Batting: LHB Ismael Báez
|
0-0: Foul Ball, location: 2F 0-1: Foul Ball, location: 2F 0-2: Fly out, F9 (Flyball, 9S)
|
Top of the 3rd over - 0 runs, 1 hit, 0 errors, 1 left on base; Creighton 2 - Mississippi State 0 |
BOTTOM OF THE 3RD |
Mississippi State Bulldogs batting - Pitching for Creighton Blue Jays : RHP Gunnar Jenkins
|
Batting: LHB Joey Clark
|
0-0: Swinging Strike 0-1: Ball 1-1: Foul Ball, location: 2F 1-2: Strikes out looking
|
Batting: RHB Bryan Weber
|
0-0: SINGLE (Line Drive, 89S)
|
Batting: SHB Matthew Hughes
|
0-0: Ball 1-0: Ball 2-0: Ball 3-0: Called Strike 3-1: Called Strike 3-2: Base on Balls Bryan Weber to second
|
Batting: RHB Cory Douglas
|
0-0: Foul Ball, location: 2F 0-1: 3-RUN HOME RUN (Flyball, 7LD), Distance : 321 ft
|
Batting: SHB Tom Stewart
|
0-0: Ball 1-0: Ball 2-0: Foul Ball, location: 2F 2-1: Called Strike 2-2: Ball 3-2: Base on Balls
|
Batting: SHB Jessie Teague
|
0-0: Ball 1-0: 2-RUN HOME RUN (Flyball, 89XD), Distance : 386 ft
|
Batting: RHB Jason Heddon
|
0-0: Fly out, F7 (Flyball, 7S)
|
Batting: LHB Juan Branch
|
0-0: Ball 1-0: Swinging Strike 1-1: Swinging Strike 1-2: Strikes out swinging
|
Bottom of the 3rd over - 5 runs, 3 hits, 0 errors, 0 left on base; Creighton 2 - Mississippi State 5 |
TOP OF THE 4TH |
Creighton Blue Jays batting - Pitching for Mississippi State Bulldogs : RHP Tom Speck
|
Batting: LHB Bernard Lane
|
0-0: SINGLE (Flyball, 7LS)
|
Batting: RHB Enrico De Jesús
|
0-0: Called Strike Bernard Lane steals 2nd base 0-1: Ball 1-1: 2-RUN HOME RUN (Flyball, 7LD), Distance : 323 ft
|
Batting: RHB Jon Cartwright
|
0-0: Called Strike 0-1: Ground out U3 (Groundball, 34)
|
Batting: LHB Mike Collier
|
0-0: Ball 1-0: Ball 2-0: Ball 3-0: Base on Balls
|
Pitching: LHP Leonard Scott
|
|
Batting: RHB Carlos Gómez
|
0-0: Ball 1-0: Called Strike 1-1: Ball 2-1: Ball 3-1: Fly out, F9 (Flyball, 9LMF)
|
Batting: RHB Ryan Barnes
|
0-0: Ball Mike Collier steals 2nd base 1-0: Fly out, F8 (Flyball, 8LS)
|
Top of the 4th over - 2 runs, 2 hits, 0 errors, 1 left on base; Creighton 4 - Mississippi State 5 |
BOTTOM OF THE 4TH |
Mississippi State Bulldogs batting - Pitching for Creighton Blue Jays : RHP Gunnar Jenkins
|
Batting: RHB Andrew Barker
|
0-0: Fly out, F3 (Popup, 3F)
|
Batting: LHB Joey Clark
|
0-0: SOLO HOME RUN (Flyball, 9D), Distance : 358 ft
|
Batting: RHB Bryan Weber
|
0-0: Ball 1-0: Ball 2-0: Ground out 1-3 (Groundball, 13S)
|
Batting: SHB Matthew Hughes
|
Error on foul ball, E7 0-1: Fly out, F9 (Flyball, 9D)
|
Bottom of the 4th over - 1 run, 1 hit, 1 error, 0 left on base; Creighton 4 - Mississippi State 6 |
TOP OF THE 5TH |
Creighton Blue Jays batting - Pitching for Mississippi State Bulldogs : LHP Leonard Scott
|
Batting: SHB Brian Estes
|
0-0: Ball 1-0: Ball 2-0: SINGLE (Groundball, 56D)
|
Batting: RHB Geoff Rainey
|
0-0: Called Strike 0-1: DOUBLE (Line Drive, 7LM) Brian Estes to third
|
Batting: LHB Ismael Báez
|
0-0: Called Strike 0-1: Ground out 4-3 (Groundball, 34D) Brian Estes scores Geoff Rainey to third
|
Batting: LHB Bernard Lane
|
0-0: Swinging Strike 0-1: Called Strike 0-2: Ball 1-2: Ball 2-2: Foul Ball, location: 2F 2-2: Strikes out swinging
|
Batting: RHB Enrico De Jesús
|
0-0: Swinging Strike 0-1: Ball 1-1: Ball 2-1: Foul Ball, location: 2F 2-2: Strikes out swinging
|
Top of the 5th over - 1 run, 2 hits, 0 errors, 1 left on base; Creighton 5 - Mississippi State 6 |
BOTTOM OF THE 5TH |
Mississippi State Bulldogs batting - Pitching for Creighton Blue Jays : RHP Gunnar Jenkins
|
Batting: RHB Cory Douglas
|
0-0: SOLO HOME RUN (Flyball, 7LD), Distance : 327 ft
|
Batting: SHB Tom Stewart
|
0-0: Ball 1-0: Ball 2-0: Ball 3-0: Foul Ball, location: 2F 3-1: Base on Balls
|
Pitching: RHP Bill Haynes
|
|
Batting: SHB Jessie Teague
|
0-0: Ball 1-0: Ball 2-0: Ball 3-0: Called Strike 3-1: Foul Ball, location: 2F 3-2: Base on Balls Tom Stewart to second
|
Batting: RHB Jason Heddon
|
0-0: Ball 1-0: Ball 2-0: Ball 3-0: Called Strike 3-1: Foul Ball, location: 2F 3-2: Foul Ball, location: 2F 3-2: Foul Ball, location: 2F 3-2: Base on Balls Tom Stewart to third Jessie Teague to second
|
Batting: LHB Juan Branch
|
0-0: Called Strike 0-1: Swinging Strike 0-2: Ball 1-2: Ball 2-2: Strikes out swinging
|
Batting: RHB Andrew Barker
|
0-0: Ball Wild Pitch! Tom Stewart scores Jessie Teague to third Jason Heddon to second 1-0: Intentional Walk
|
Batting: LHB Joey Clark
|
0-0: Foul Ball, location: 2F 0-1: Ball 1-1: Ball 2-1: Swinging Strike 2-2: Ball 3-2: Foul Ball, location: 2F 3-2: Base on Balls Jessie Teague scores Jason Heddon to third Andrew Barker to second
|
Batting: RHB Bryan Weber
|
0-0: Called Strike 0-1: Swinging Strike 0-2: Foul Ball, location: 2F 0-2: Strikes out swinging
|
Batting: SHB Matthew Hughes
|
0-0: Ball 1-0: Ball 2-0: Foul Ball, location: 2F 2-1: Ball 3-1: SINGLE (Groundball, 6MD) Jason Heddon scores Andrew Barker to third Joey Clark to second Runner from 3rd tries for Home, SAFE, throw made home
|
Pitching: LHP Gilbert Burris
|
|
Batting: RHB Cory Douglas
|
0-0: Ball 1-0: Ball 2-0: Foul Ball, location: 2F 2-1: Fly out, F7 (Flyball, 7LDF)
|
Bottom of the 5th over - 5 runs, 2 hits, 0 errors, 2 left on base; Creighton 5 - Mississippi State 11 |
TOP OF THE 6TH |
Creighton Blue Jays batting - Pitching for Mississippi State Bulldogs : LHP Leonard Scott
|
Batting: RHB Jon Cartwright
|
0-0: Called Strike 0-1: Ball 1-1: Ball 2-1: SINGLE (Line Drive, 8RS)
|
Batting: LHB Mike Collier
|
0-0: Ball 1-0: Called Strike 1-1: Called Strike 1-2: Fielders Choice at 2nd, 4-6 (Groundball, 4)
|
Batting: RHB Carlos Gómez
|
0-0: Ball 1-0: Called Strike Mike Collier steals 2nd base 1-1: Ball 2-1: SINGLE (Line Drive, 34) Mike Collier to third
|
Batting: RHB Ryan Barnes
|
0-0: Called Strike 0-1: Ball 1-1: Swinging Strike 1-2: Ball Passed Ball! Mike Collier scores Carlos Gómez to second 2-2: Ball 3-2: Ground out 3-1 (Groundball, 3S) Carlos Gómez to third
|
Batting: SHB Brian Estes
|
0-0: Ball 1-0: Ball 2-0: Called Strike 2-1: Foul Ball, location: 2F 2-2: Foul Ball, location: 2F 2-2: Ball 3-2: Foul Ball, location: 2F 3-2: Base on Balls
|
Batting: RHB Geoff Rainey
|
0-0: Ball 1-0: Foul Ball, location: 2F 1-1: SINGLE (Groundball, 56D) Carlos Gómez scores Brian Estes to second
|
Pitching: RHP Jim Sánchez
|
|
Batting: LHB Ismael Báez
|
0-0: Ball 1-0: Ball 2-0: Called Strike 2-1: Foul Ball, location: 2F 2-2: Strikes out swinging
|
Top of the 6th over - 2 runs, 3 hits, 0 errors, 2 left on base; Creighton 7 - Mississippi State 11 |
BOTTOM OF THE 6TH |
Mississippi State Bulldogs batting - Pitching for Creighton Blue Jays : LHP Gilbert Burris
|
Batting: SHB Tom Stewart
|
0-0: Ball 1-0: Swinging Strike 1-1: SINGLE (Groundball, 4D)
|
Batting: SHB Jessie Teague
|
0-0: SINGLE (Groundball, 56D) Tom Stewart to second Runner from 2nd tries for 3rd, SAFE, no throw
|
Batting: RHB Jason Heddon
|
0-0: Ball 1-0: Foul Ball, location: 2F 1-1: Ball 2-1: Swinging Strike 2-2: Foul Ball, location: 2F 2-2: Strikes out swinging
|
Batting: LHB Juan Branch
|
0-0: Called Strike 0-1: Ball 1-1: Swinging Strike 1-2: Fly out, F8 (Flyball, 8RS) Runner from 3rd tags up, SCORES, no throw
|
Batting: RHB Andrew Barker
|
0-0: Ground out 4-3 (Groundball, 34)
|
Bottom of the 6th over - 1 run, 2 hits, 0 errors, 1 left on base; Creighton 7 - Mississippi State 12 |
TOP OF THE 7TH |
Creighton Blue Jays batting - Pitching for Mississippi State Bulldogs : RHP Jim Sánchez
|
Batting: LHB Bernard Lane
|
0-0: Called Strike 0-1: Swinging Strike 0-2: Ball 1-2: Ball 2-2: Strikes out looking
|
Batting: RHB Enrico De Jesús
|
0-0: Ball 1-0: Ball 2-0: Ball 3-0: Base on Balls
|
Batting: RHB Jon Cartwright
|
0-0: Called Strike 0-1: Called Strike Enrico De Jesús is caught stealing 2nd base 0-2: Strikes out swinging
|
Top of the 7th over - 0 runs, 0 hits, 0 errors, 0 left on base; Creighton 7 - Mississippi State 12 |
BOTTOM OF THE 7TH |
Mississippi State Bulldogs batting - Pitching for Creighton Blue Jays : LHP Gilbert Burris
|
Batting: LHB Joey Clark
|
0-0: Called Strike 0-1: Ball 1-1: Called Strike 1-2: Foul Ball, location: 2F 1-2: SOLO HOME RUN (Flyball, 9LD), Distance : 312 ft
|
Batting: RHB Bryan Weber
|
0-0: Called Strike 0-1: Fly out, F8 (Flyball, 8RD)
|
Batting: SHB Matthew Hughes
|
0-0: Called Strike 0-1: SINGLE (Flyball, 78S)
|
Batting: RHB Cory Douglas
|
0-0: Called Strike 0-1: Ball 1-1: Called Strike 1-2: Ball 2-2: Foul Ball, location: 2F 2-2: Ball Matthew Hughes steals 2nd base 3-2: Base on Balls
|
Batting: SHB Tom Stewart
|
0-0: Swinging Strike 0-1: Swinging Strike 0-2: Strikes out swinging
|
Batting: SHB Jessie Teague
|
0-0: Called Strike 0-1: Swinging Strike 0-2: Ball 1-2: Ball 2-2: Strikes out swinging
|
Bottom of the 7th over - 1 run, 2 hits, 0 errors, 2 left on base; Creighton 7 - Mississippi State 13 |
TOP OF THE 8TH |
Creighton Blue Jays batting - Pitching for Mississippi State Bulldogs : RHP Jim Sánchez
|
Batting: LHB Mike Collier
|
0-0: Foul Ball, location: 2F 0-1: Ball 1-1: SINGLE (Flyball, 7LS)
|
Batting: RHB Carlos Gómez
|
0-0: Ball 1-0: Ball 2-0: SINGLE (Groundball, 6M) (infield hit) Mike Collier to second
|
Batting: RHB Ryan Barnes
|
0-0: Swinging Strike 0-1: Ball 1-1: SINGLE (Line Drive, 89S) Mike Collier to third Carlos Gómez to second Runner from 3rd tries for Home, SAFE, no throw
|
Batting: SHB Brian Estes
|
0-0: SINGLE (Line Drive, 6D) Carlos Gómez to third Ryan Barnes to second
|
Pitching: RHP Richard Castle
|
|
Batting: RHB Geoff Rainey
|
0-0: Ball 1-0: Fly out, F7 (Flyball, 78S) Runner from 3rd tags up, SCORES, no throw
|
Pitching: RHP Raúl Díaz
|
|
Batting: LHB Ismael Báez
|
0-0: Ball 1-0: Ball 2-0: Called Strike 2-1: Fly out, F7 (Flyball, 7)
|
Batting: LHB Bernard Lane
|
0-0: Ball 1-0: Called Strike 1-1: Foul Ball, location: 2F 1-2: Strikes out swinging
|
Top of the 8th over - 2 runs, 4 hits, 0 errors, 2 left on base; Creighton 9 - Mississippi State 13 |
BOTTOM OF THE 8TH |
Mississippi State Bulldogs batting - Pitching for Creighton Blue Jays : LHP Gilbert Burris
|
Batting: RHB Jason Heddon
|
0-0: Called Strike 0-1: Fly out, F8 (Flyball, 8RS)
|
Batting: LHB Juan Branch
|
0-0: Ball 1-0: Ball 2-0: Ball 3-0: Base on Balls
|
Batting: RHB Andrew Barker
|
0-0: Ball Pickoff Throw to First - Out! 1-0: Swinging Strike 1-1: Ball 2-1: Foul Ball, location: 2F 2-2: Foul Ball, location: 2F 2-2: Ball 3-2: Foul Ball, location: 2F 3-2: Hit by Pitch
|
Pitching: RHP Theodore Hayes
|
|
Batting: LHB Joey Clark
|
0-0: Ball 1-0: Ball 2-0: Ball 3-0: Base on Balls Andrew Barker to second
|
Batting: RHB Bryan Weber
|
0-0: Swinging Strike 0-1: Ball 1-1: SINGLE (Groundball, 6MD) Andrew Barker to third Joey Clark to second Runner from 3rd tries for Home, SAFE, no throw
|
Batting: SHB Matthew Hughes
|
0-0: Ball 1-0: SINGLE (Line Drive, 9LM) Joey Clark to third Bryan Weber to second
|
Batting: RHB Cory Douglas
|
0-0: Ball 1-0: Foul Ball, location: 2F 1-1: Ball 2-1: Ball 3-1: Base on Balls Joey Clark scores Bryan Weber to third Matthew Hughes to second
|
Batting: SHB Tom Stewart
|
0-0: Ball 1-0: Foul Ball, location: 2F 1-1: Ball 2-1: Swinging Strike 2-2: Foul Ball, location: 2F 2-2: Foul Ball, location: 2F 2-2: Ball 3-2: Base on Balls Bryan Weber scores Matthew Hughes to third Cory Douglas to second
|
Batting: SHB Jessie Teague
|
0-0: Called Strike 0-1: Ball 1-1: Ball 2-1: Ball 3-1: Foul Ball, location: 2F 3-2: Foul Ball, location: 2F 3-2: Strikes out swinging
|
Bottom of the 8th over - 3 runs, 2 hits, 0 errors, 3 left on base; Creighton 9 - Mississippi State 16 |
TOP OF THE 9TH |
Creighton Blue Jays batting - Pitching for Mississippi State Bulldogs : RHP Raúl Díaz
|
Now in LF: John O'Brien
|
|
Batting: RHB Enrico De Jesús
|
0-0: Ball 1-0: Ball 2-0: Ball 3-0: Called Strike 3-1: Foul Ball, location: 2F 3-2: Foul Ball, location: 2F 3-2: Base on Balls
|
Batting: RHB Jon Cartwright
|
0-0: Ball 1-0: Called Strike 1-1: Ball 2-1: Fly out, F6 (Popup, 6M)
|
Batting: LHB Mike Collier
|
0-0: Ball 1-0: Ball 2-0: Fielders Choice at 2nd, 6-4 (Groundball, 6M)
|
Batting: RHB Carlos Gómez
|
0-0: Foul Ball, location: 2F 0-1: Ball 1-1: Ball 2-1: Foul Ball, location: 2F 2-2: Foul Ball, location: 2F 2-2: Strikes out swinging
|
Top of the 9th over - 0 runs, 0 hits, 0 errors, 1 left on base; Creighton 9 - Mississippi State 16 |
|